 Dungeon Crawl Stone Soup version 0.20.0-10-g0535bb4 (webtiles) character file.

81 tilp the Firebug (level 4, -1/33 HPs)
             Began as a Hill Orc Fire Elementalist on June 6, 2017.
             Slain by a gnoll
             ... wielding a +0 club
              (7 damage)
             ... on level 2 of the Dungeon.
             The game lasted 00:05:14 (1725 turns).

tilp the Firebug (Hill Orc Fire Elementalist)       Turns: 1725, Time: 00:05:16

Health: -1/33      AC:  2    Str: 10    XL:     4   Next: 40%
Magic:  3/7        EV: 12    Int: 16    God:
Gold:   114        SH:  0    Dex: 11    Spells: 3/7 levels left

rFire    . . .     SeeInvis .   l - +3 hand axe
rCold    . . .     Gourm    .   (no shield)
rNeg     . . .     Faith    .   a - +0 robe
rPois    .         Spirit   .   (no helmet)
rElec    .         Reflect  .   (no cloak)
rCorr    .         Harm     .   (no gloves)
MR       .....                  (no boots)
Stlth    ++........             (no amulet)
Regen    0.2/turn               (no ring)
MPRegen  0.1/turn               (no ring)

@: lethally poisoned (-1 -> -3)
A: no striking features
a: no special abilities


You were on level 2 of the Dungeon.
You were not hungry.

You visited 1 branch of the dungeon, and saw 2 of its levels.

You collected 114 gold pieces.

Inventory:

Hand Weapons
 j - a +0 dagger
 l - a +3 hand axe (weapon)
Armour
 a - a +0 robe (worn)
Jewellery
 k - an uncursed ring of poison resistance {unknown}
Scrolls
 g - a scroll of amnesia {unknown}
 h - a scroll of recharging {unknown}
 i - a scroll of remove curse {unknown}
 m - a scroll of magic mapping {unknown}
 o - a scroll of identify {unknown}
Potions
 d - a potion of might {unknown}
 e - a potion of berserk rage {unknown}
 f - a potion of cancellation {unknown}
Books
 b - a book of Flames

   Spells                             Type                      Level
   a - Flame Tongue                   Conjuration/Fire             1
   b - Throw Flame                    Conjuration/Fire             2
   c - Conjure Flame                  Conjuration/Fire             3
   d - Inner Flame                    Hexes/Fire                   3
   e - Sticky Flame                   Conjuration/Fire             4
   f - Fireball                       Conjuration/Fire             5
Comestibles
 c - a bread ration
 n - 4 chunks of flesh


   Skills:
 + Level 1.5 Axes
 - Level 1.5 Dodging
 - Level 1.5 Stealth
 * Level 2.3 Spellcasting
 * Level 2.1 Conjurations
 + Level 4.1 Fire Magic


You had 3 spell levels left.
You knew the following spells:

 Your Spells              Type           Power        Failure   Level  Hunger
a - Flame Tongue          Conj/Fire      ##...        5%          1    #......
b - Conjure Flame         Conj/Fire      ##......     17%         3    ###....


Dungeon Overview and Level Annotations

Branches:
Dungeon (2/15)

Altars:


Message History

Confirm with . or Enter, or press ? or * to list all spells.
Aiming: Flame Tongue
Press: ? - help, Shift-Dir - straight line, f - gnoll
Aim: a gnoll, wielding a flail (heavily wounded)
The flame tongue hits the gnoll.
The gnoll is heavily wounded.
The gnoll hits you with a flail!
You slash the gnoll!
You kill the gnoll!
You hit the gnoll.
The gnoll is heavily wounded.
You feel sick. The gnoll hits you with a club.
You hit the gnoll.
The gnoll is almost dead.
The gnoll hits you with a club.
* * * LOW HITPOINT WARNING * * *
You barely miss the gnoll.
The gnoll is almost dead.
The gnoll hits you with a club!
You die...

#.........g..###.....##...
#.......#....##...........
#.....
#...#########..#.####.
#<.gg@†...........
#...######.....#.#. #####
#.###.....# #. .##.# # #
.. ..# .. ...


You could see 2 gnolls.

Vanquished Creatures
  2 gnolls (D:2)
  An adder (D:2)
  An ooze (D:1)
  4 dart slugs (D:1)
  A leopard gecko (D:2)
  5 bats
  4 goblins (D:1)
  2 hobgoblins (D:1)
  9 jackals
  3 kobolds (D:1)
  A frilled lizard (D:1)
  5 rats
38 creatures vanquished.

Notes
Turn   | Place    | Note
-------+----------+-------------------------------------------
     0 | D:1      | tilp the Hill Orc Fire Elementalist began the quest for the Orb.
     0 | D:1      | Reached XP level 1. HP: 14/14 MP: 3/3
   213 | D:1      | Reached XP level 2. HP: 12/20 MP: 0/4
  1024 | D:1      | Reached XP level 3. HP: 24/26 MP: 6/6
  1050 | D:1      | Learned a level 3 spell: Conjure Flame
  1502 | D:2      | Reached skill level 1 in Axes
  1503 | D:2      | Reached skill level 4 in Fire Magic
  1529 | D:2      | Reached XP level 4. HP: 30/33 MP: 4/7
  1725 | D:2      | Slain by a gnoll

Skill      XL: |  1  2  3  4 |
---------------+-------------+-----
Spellcasting   | 2 |  2.3
Axes           | 1 |  1.5
Fire Magic     | 4 |  4.1
Conjurations   | 2 |  2.1
Dodging        | |  1.5
Stealth        | |  1.5

Action                   |  1- 3 |  4- 6 || total
-------------------------+-------+-------++-------
Melee: Dagger            |    55 |       ||    55
       Hand axe          |    39 |    11 ||    50
 Cast: Flame Tongue      |    18 |     5 ||    23
       Conjure Flame     |       |     1 ||     1
 Stab: Sleeping          |     3 |       ||     3
  Eat: Chunk             |     2 |     1 ||     3
Armor: Robe              |    23 |    22 ||    45
Dodge: Dodged            |    65 |    59 ||   124
